 Dungeon Crawl Stone Soup version 0.25.1-2-g60ff931df9 (webtiles) character file.

Game seed: 10870188379232019169

3670 hawla the Carver (level 9, 0/112 HPs)
             Began as a Minotaur Gladiator on Nov 5, 2020.
             Was an Initiate of Gozag.
             Slain by a troll (7 damage)
             ... on level 8 of the Dungeon.
             The game lasted 00:24:09 (10632 turns).

hawla the Carver (Minotaur Gladiator)              Turns: 10632, Time: 00:24:10

Health: 0/112      AC: 24    Str: 20 (23) XL:     9   Next: 89%
Magic:  13/13      EV:  2    Int:  4 (5)  God:    Gozag
Gold:   0          SH:  0    Dex:  8 (11) Spells: 15/15 levels left

rFire    . . .     SeeInvis .   v - +4 war axe of the Reaper {flame, rN+}
rCold    . . .     Gourm    .   (no shield)
rNeg     + + +     Faith    .   (armour currently unavailable)
rPois    +         Spirit   .   (helmet currently unavailable)
rElec    .         Reflect  .   (cloak currently unavailable)
rCorr    .         Harm     .   (gloves currently unavailable)
MR       .....     Rnd*Rage +   (boots currently unavailable) Stlth ++........NoTele +
                                n - amulet of the acrobat
HPRegen  0.28/turn              (no ring)
MPRegen  0.13/turn              (no ring)

@: tree-form, stab, very slightly contaminated
A: (retaliatory headbutt), berserk 1
a: Potion Petition, Call Merchant, Bribe Branch, Renounce Religion


You were on level 8 of the Dungeon.
You worshipped Gozag.
Gozag was noncommittal.
You were full.
You were a tree.
You visited 2 branches of the dungeon, and saw 10 of its levels.
You also visited: Ossuary.

You collected 171 gold pieces.
You paid 171 gold pieces to Gozag.

Inventory:

Hand Weapons
 l - a +0 long sword of flaming
 v - the +4 war axe of the Reaper (weapon) {flame, rN+}
   (You found it on level 7 of the Dungeon)

   It has been specially enchanted to burn those struck by it, causing extra
   injury to most foes and up to half again as much damage against particularly
   susceptible opponents.
   Big, fiery blades are also staple armaments of hydra-hunters.
   It protects you from negative energy.
Missiles
 i - 6 poisoned darts
 r - 14 atropa-tipped darts
 x - 2 javelins (quivered)
Armour
 c - a +0 hat (melded)
 q - +0 acid dragon scales (melded)
Jewellery
 n - an amulet of the acrobat (around neck)
Wands
 g - a wand of acid (3)
 p - a wand of iceblast (11)
Scrolls
 d - a scroll of fear
 e - a scroll of magic mapping
 o - a scroll of teleportation
 s - 6 scrolls of identify
Comestibles
 f - 2 rations


   Skills:
 + Level 5.8 Fighting
   Level 1.4(5.1) Short Blades
 + Level 8.5(8.6) Long Blades
 + Level 2.6(3.2) Axes
   Level 2.7(3.3) Maces & Flails
 + Level 3.1 Throwing
 + Level 5.6 Armour
 * Level 8.5 Dodging
 + Level 2.2 Stealth
 * Level 3.9 Spellcasting


You had 15 spell levels left.
You didn't know any spells.
Your spell library was empty.

Dungeon Overview and Level Annotations

Branches:
Dungeon (9/15)             Temple (1/1) D:7         Ossuary (visited)
   Lair: D:8-11         Orc: D:9-12

Altars:
Ashenzari
Cheibriados
Dithmenos
Elyvilon
Fedhas
Gozag
Hepliaklqana
Kikubaaqudgha
Makhleb
Nemelex Xobeh
Sif Muna
Vehumet
Xom
The Shining One

Shops:
D:4 !

Annotations:
D:3 4 runed translucent doors, Anlio's ghost, amateur BaFi; Crazy Yiuf
D:9 Maurice


Innate Abilities, Weirdness & Mutations

((You reflexively headbutt those who attack you in melee.))
((You have a pair of horns on your head.))
((You are partially covered in icy blue scales. (AC +2)))
You tend to lose your temper in combat.


Message History

* * * LOW HITPOINT WARNING * * *
The troll barely misses you.
It was a potion of lignification.
You turn into a tree.
Your +0 hat melds into your body.
Your +0 acid dragon scales melds into your body.
Your roots penetrate the ground.
The troll bites you but does no damage.
The troll claws you but does no damage. x2
You feel ready to backstab. The troll bites you but does no damage.
The troll barely misses you. The troll claws you but does no damage.
You hit the troll but do no damage.
The troll is lightly wounded.
The troll bites you but does no damage. The troll claws you but does no damage.
The troll barely misses you.
You closely miss the troll.
The troll is lightly wounded.
The troll bites you but does no damage.
The troll claws you but does no damage. x2
The troll bites you but does no damage. The troll claws you!
You die...
Your body crumbles into a pile of gold.

#.#####.##.........###.##
#......
#.#####.#######...#.#..#
#.#...# #.##....# #...##.#.#
#.##.## #.##.##.# #...####.#
#.##.## #.##.##.# #...# #.#
#.##.# #.......# ##...# #.#
##.##.# ####.#### #...##
#.###...#.# .# #.#
##.#######.........## .###.#
##...♣...######.......
.....# #...T....#
#.......###
.###########..#.#...#
#.#####.# .#
#.........###....###.#####.#
##
#......##..#............##.#
#.#.#..##...#....###.##.##.#
#.#.#..##........# #.##.##.#
#.#.#..##.......## #.......#
##......###.......#
####.####


You could see a troll.

Vanquished Creatures
  Maggie (D:8)
  Psyche (D:8)
  Eustachio (D:6)
  2 water moccasins (D:6)
  An ice beast (D:7)
  A necrophage (D:5)
  2 ogres
  A phantom (D:7)
  A centaur (D:8)
  2 bullfrogs
  A wyvern zombie (D:6)
  A water moccasin skeleton (D:5)
  7 killer bees
  11 wights
  An electric eel (D:7)
  3 crimson imps
  4 hounds
  A quasit (D:6)
  3 orc priests (D:6)
  A bullfrog zombie (D:8)
  A bullfrog skeleton (D:7)
  A jelly (D:8)
  5 orc wizards
  An iguana (D:5)
  5 worker ants
  3 killer bee zombies (D:8)
  2 big kobold zombies (Ossuary)
  3 hound skeletons
  3 mummies (Ossuary)
  A worker ant zombie (D:7)
  Robin (D:3)
  9 adders
  4 shadow imps
  3 oozes
  2 adder zombies (Ossuary)
  An adder skeleton (D:6)
  2 worms
  3 dart slugs
  7 leopard geckos
  21 orcs
  3 ball pythons
  3 giant cockroaches
  16 goblins
  10 hobgoblins
  15 jackals
  8 kobolds
  3 quokkas
  8 bats
  3 frilled lizards
  3 goblin zombies (Ossuary)
  2 hobgoblin zombies (Ossuary)
  3 kobold zombies (Ossuary)
  A leopard gecko zombie (D:6)
  4 quokka zombies
  10 rats
  3 rat zombies (Ossuary)
219 creatures vanquished.

Vanquished Creatures (others)
  2 fungi (D:3)
  2 plants (D:3)
4 creatures vanquished.

Grand Total: 223 creatures vanquished

Notes
Turn   | Place    | Note
-------+----------+-------------------------------------------
     0 | D:1      | hawla the Minotaur Gladiator began the quest for the Orb.
     0 | D:1      | Reached XP level 1. HP: 18/18 MP: 0/0
   134 | D:1      | Reached XP level 2. HP: 22/25 MP: 1/1
   439 | D:1      | You fall into a shaft and drop 1 floor!
   611 | D:2      | Reached XP level 3. HP: 24/30 MP: 2/2
  1146 | D:2      | Found a sparkling altar of Nemelex Xobeh.
  1146 | D:2      | Found a blossoming altar of Fedhas.
  1148 | D:2      | Found a white marble altar of Elyvilon.
  1150 | D:2      | Found a shimmering blue altar of Sif Muna.
  1150 | D:2      | Found a burning altar of Makhleb.
  1151 | D:2      | Found a glowing golden altar of the Shining One.
  1303 | D:2      | Reached skill level 1 in Armour
  1303 | D:2      | Reached XP level 4. HP: 37/37 MP: 3/3
  1647 | D:3      | Noticed Robin
  1662 | D:3      | Killed Robin
  1983 | D:3      | Found a runed translucent gate.
  1984 | D:3      | Found a runed translucent gate.
  1985 | D:3      | Found a runed translucent gate.
  1986 | D:3      | Noticed Anlio's ghost (amateur BaFi)
  1989 | D:3      | Noticed a big kobold
  2012 | D:3      | Reached XP level 5. HP: 42/42 MP: 5/5
  2115 | D:3      | Found a faded altar of an unknown god.
  2368 | D:3      | Found a runed translucent door.
  2369 | D:3      | Noticed Crazy Yiuf
  2575 | D:4      | Reached skill level 5 in Dodging
  2913 | D:4      | Reached skill level 1 in Spellcasting
  2969 | D:4      | Found a shimmering altar of Xom.
  2970 | D:4      | Found a hazy altar of Hepliaklqana.
  2970 | D:4      | Noticed a yak
  2971 | D:4      | Noticed a spectral ugly thing
  2971 | D:4      | Noticed a yak
  3006 | D:4      | Found Vepivaot's Distillery.
  3278 | D:5      | Entered Level 5 of the Dungeon
  3287 | D:5      | Reached skill level 5 in Long Blades
  3479 | D:5      | Found a radiant altar of Vehumet.
  3504 | D:5      | Reached XP level 6. HP: 31/50 MP: 6/6
  4612 | D:6      | Noticed Eustachio
  4634 | D:6      | Killed Eustachio
  4634 | D:6      | Reached XP level 7. HP: 41/56 MP: 8/8
  4999 | D:6      | Found a shattered altar of Ashenzari.
  5017 | D:6      | Reached skill level 1 in Short Blades
  5017 | D:6      | Reached skill level 1 in Stealth
  5367 | D:6      | Reached XP level 8. HP: 19/66 MP: 10/10
  5780 | D:6      | Gained mutation: You tend to lose your temper in combat.
                  | [potion of mutation]
  5780 | D:6      | Gained mutation: You are partially covered in icy blue
                  | scales. (AC +2) [potion of mutation]
  6925 | D:7      | Reached skill level 5 in Armour
  7144 | D:7      | Found a sand-covered staircase.
  7153 | Ossuary  | Entered an ossuary
  7558 | D:7      | Reached XP level 9. HP: 69/71 MP: 12/12
  7612 | D:7      | Found a staircase to the Ecumenical Temple.
  7620 | Temple   | Entered the Ecumenical Temple
  7630 | Temple   | Became a worshipper of Gozag Ym Sagoz the Greedy
  7737 | D:7      | Got a scorched war axe
  7738 | D:7      | Identified the +4 war axe of the Reaper {flame, rN+} (You
                  | found it on level 7 of the Dungeon)
  8102 | D:7      | Reached skill level 1 in Axes
  8494 | D:7      | Found the +6 shillelagh "Devastator" {shatter}
  9116 | D:8      | Found an ancient bone altar of Kikubaaqudgha.
  9151 | D:8      | Reached skill level 5 in Fighting
  9397 | D:8      | Noticed Psyche
  9400 | D:8      | Noticed Maggie
  9745 | D:8      | Killed Psyche
  9745 | D:8      | Reached skill level 1 in Maces & Flails
  9880 | D:8      | Killed Maggie
  9992 | D:9      | Noticed a troll
 10580 | D:9      | Noticed Maurice
 10628 | D:8      | HP: 3/75 [troll (8)]
 10632 | D:8      | Slain by a troll

Illustrated notes

Levels and vault maps discovered:
D:1:      evilmike_arrival_plus, layout_rooms
D:2:      layout_basic, grunt_temple_overflow_open, kennysheep_generic_room_3
D:3:      layout_loops_ring, gammafunk_ghost_nasty_kobolds,
          chequers_ecumenical_altar_simple, lightli_corner_chamber, uniq_robin,
          uniq_crazy_yiuf_cottage
D:4:      layout_cave_pools, regret_index_temple_of_mockery, serial_shops, shop,
          serial_column_ruins, column_ruins_hut_ruined,
          column_ruins_hut_pillars, column_ruins_corridor_straight,
          column_ruins_open_small, column_ruins_corridor_T,
          column_ruins_open_small, column_ruins_open_small, minivault_27
D:5:      layout_cave_pods, vehumet_crystals, first_ration
D:6:      layout_basic, ashenzari_altar_1, uniq_eustachio
D:7:      layout_basic, minmay_temple_entry_glassed_door, enter_ossuary_1,
          kennysheep_potato
D:8:      layout_loops_cross, overflow_temple_1_default, uniq_psyche,
          uniq_maggie
D:9:      layout_roguey, nicolae_ru_great_annihilating_truth,
          chequers_temple_overflow_statue_of_worship, the_bakery, uniq_maurice
Temple:   compressed_dpeg_triangle_lava_temple

Skill      XL: |  1  2  3  4  5  6  7  8  9 |
---------------+----------------------------+-----
Long Blades    | 4 5 6 7 8 |  8.5
Dodging        | 4 5 6 7 8 |  8.5
Armour         | 1 2 3 4 5 |  5.6
Spellcasting   | 1 2 3 |  3.9
Fighting       | 3 4 5 |  5.8
Short Blades   | 1 |  1.4
Stealth        | 1 2 |  2.2
Axes           | 2 |  2.6
Maces & Flails | 2 |  2.7
Throwing       | 3 |  3.1

Action                   |  1- 3 |  4- 6 |  7- 9 || total
-------------------------+-------+-------+-------++-------
Melee: Long sword        |    82 |   131 |   240 ||   453
       Headbutt          |    10 |    34 |    71 ||   115
       Dagger            |       |    20 |    14 ||    34
       Shillelagh        |       |       |    49 ||    49
       War axe           |       |       |    40 ||    40
Throw: Throwing net      |       |     1 |     3 ||     4
       Dart              |       |       |    28 ||    28
       Javelin           |       |       |     6 ||     6
Evoke: Wand              |       |       |     1 ||     1
  Use: Scroll            |     3 |     3 |     4 ||    10
       Potion            |       |       |    22 ||    22
 Stab: Sleeping          |       |       |     6 ||     6
       Distracted        |       |       |     1 ||     1
  Eat: Chunk             |     1 |    11 |     4 ||    16
       Ration            |       |       |     6 ||     6
Armor: Leather armour    |    23 |    26 |    71 ||   120
       Skin              |       |       |    11 ||    11
       Acid dragon scale |       |       |     9 ||     9
Dodge: Dodged            |    57 |    99 |   328 ||   484
       Rpst.: Long sword |    11 |    21 |    50 ||    82
